Map: [ESL] Goldenaura

Players

Kelazhur

  • Race: Terran Terran
  • Spawn Location: 5:00

FoxeR - Winner!

  • Race: Terran Terran
  • Spawn Location: 12:00

Event: ESL SC2 Masters 2024 Spring (Regional)

VOD

Have the link to the VOD?

Description

Time

  • Played on: April 13, 2024, 4:32 p.m.
  • Length: 3:49

All games in this series

Show
View Real Time Build Order
Export as new Build Order

Kelazhur Terran 

Build Orders: Cyclone Opening 

Get SALT Encoding   

  12  0:00  SCV  
  13  0:12  SCV  
  14  0:17  Supply Depot  
  14  0:24  SCV  
  15  0:38  SCV  
  15  0:39  Barracks  
  16  0:43  Refinery  
  16  0:50  SCV  
  16  0:53  Refinery  
  17  1:03  SCV  
  18  1:15  SCV  
  19  1:26  Reaper  
  19  1:27  Orbital Command  
  19  1:28  Supply Depot  
  20  1:41  Factory  
  20  1:52  SCV  
  21  1:59  Reaper  
  22  2:04  SCV  
  23  2:15  Command Center  
  23  2:19  SCV  
  24  2:25  Cyclone  
  26  2:38  SCV  
  26  2:40  Marine  
  26  2:50  SCV  
  26  2:55  Starport  
  26  2:57  Cyclone  
  28  3:01  Supply Depot  
  28  3:09  SCV, Marine  
  23  3:21  SCV  
Show
View Real Time Build Order
Export as new Build Order

FoxeR Terran - Winner!

Build Orders:  

Get SALT Encoding   

  12  0:00  SCV  
  13  0:12  SCV  
  14  0:16  Supply Depot  
  14  0:24  SCV  
  15  0:38  SCV  
  15  0:39  Barracks  
  16  0:44  Refinery  
  16  0:50  SCV  
  17  1:01  Barracks  
  17  1:05  SCV  
  17  1:10  Refinery  
  18  1:18  SCV  
  19  1:28  Reaper  
  20  1:34  Orbital Command  
  20  1:46  Supply Depot  
  20  1:48  Reaper  
  21  2:00  SCV  
  21  2:01  Reaper  
  23  2:09  Factory  
  23  2:12  SCV  
  24  2:20  Reaper  
  25  2:24  SCV  
  26  2:33  Reaper  
  26  2:36  SCV  
  28  2:50  Supply Depot  
  29  2:52  Reaper  
  30  3:00  Hellion  
  31  3:06  SCV  
  31  3:12  Reaper  
  32  3:18  SCV  
  36  3:28  Command Center  
  36  3:30  SCV  
  35  3:46  Starport  
Tags
 
Add a new tag
Caveats
  • Supply blocks, unpowered buildings, or Contaminate may cause inaccurate times.
  • Supply counts are checked every 10 seconds.